 Dungeon Crawl Stone Soup version 0.20-a0-263-g81abdfb (webtiles) character file.

136 roflturtle the Chopper (level 4, 0/42 HPs)
             Began as a Deep Dwarf Berserker on Dec 5, 2016.
             Was a Follower of Trog.
             Slain by McSplat's ghost (12 damage)
             ... on level 3 of the Dungeon.
             The game lasted 00:10:41 (2320 turns).

roflturtle the Chopper (Deep Dwarf Berserker)       Turns: 2320, Time: 00:10:42

Health: 0/42       AC:  2    Str: 21    XL:     4   Next: 98%
Magic:  4/4        EV: 10    Int:  7    God:    Trog [*.....]
Gold:   192        SH:  7    Dex: 13    Spells: 3/3 levels left

rFire  . . .     SeeInvis .     a - +0 hand axe
rCold  . . .     Gourm    .     b - +0 animal skin
rNeg   . . .     Faith    .     e - +0 shield
rPois  .         Spirit   .     (no helmet)
rElec  .         Reflect  .     (no cloak)
rCorr  .         Harm     .     (no gloves)
MR     .....                    (no boots)
Stlth  +.........               (no amulet)
                                (no ring)
                                (no ring)

@: exhausted, non-regenerating
A: damage resistance, recharge devices, sense surroundings 1, slow regeneration
3
a: Device Recharging, Berserk, Burn Spellbooks, Renounce Religion


You were on level 3 of the Dungeon.
You worshipped Trog.
Trog was aware of your devotion.
You were near starving.

You visited 1 branch of the dungeon, and saw 3 of its levels.

You collected 192 gold pieces.

Inventory:

Hand Weapons
 a - a +0 hand axe (weapon)
 p - a +2 flail of protection
Armour
 b - a +0 animal skin (worn)
 e - a +0 shield (worn)
Jewellery
 k - an uncursed ring of magical power {unknown}
Wands
 c - a wand of heal wounds (0/9)
Scrolls
 f - a scroll of enchant weapon {unknown}
 g - 2 scrolls of teleportation {unknown}
 i - 3 scrolls of amnesia {unknown}
Potions
 h - a potion of haste {unknown}
 j - a potion of brilliance {unknown}
 m - a potion of resistance {unknown}
 o - a potion of berserk rage {unknown}
 q - a potion of cancellation {unknown}
Comestibles
 d - a bread ration
 l - a meat ration
 n - a royal jelly
 r - 4 chunks of flesh


   Skills:
 - Level 3.0 Fighting
 + Level 5.6 Axes
 - Level 2.1 Armour
 - Level 3.0 Dodging


You had 3 spell levels left.
You didn't know any spells.

Dungeon Overview and Level Annotations

Branches:
Dungeon (3/15)

Altars:
Elyvilon
Makhleb
Yredelemnul

Annotations:
D:3 McSplat's ghost, amateur MiFi


Innate Abilities, Weirdness & Mutations

You are resistant to damage.
You can recharge devices by infusing magical energy.
You passively map a small area around you.
You do not regenerate.


Message History

* * * LOW HITPOINT WARNING * * *
McSplat's ghost hits you!
* * * LOW HITPOINT WARNING * * *
Evoke which item? (* to show all) (? for menu, Esc to quit)
Zapping:
c - a wand of heal wounds (1/9)
Press: ? - help, Shift-Dir - straight line, f - you You feel much better.
This wand has 0 charges left.
You block McSplat's ghost's attack. McSplat's ghost completely misses you.
McSplat's ghost hits you!
* * * LOW HITPOINT WARNING * * *
You feel yourself speed up.
There is a stone staircase leading up here.
You closely miss McSplat's ghost.
McSplat's ghost is severely damaged.
You block McSplat's ghost's attack.
You barely miss McSplat's ghost.
McSplat's ghost is severely damaged.
McSplat's ghost hits you!
You die...

, #.$.......# ...... ,
,#......##.##........,
#.(.....#[##....... ,
#.......#.##...... , ,
, .#.................
, ,...........#.......
, .##.#......).##.#
*** * , ,
#.....W......#.##### *
,#.....@...._.......#
* #.#......#.........#
#.#.#.....#.#......# ,
*,#
#.####..#.#......####
, .. #..#.#..........
,.. #..#.#.......... ,
.. , #..#.##.###.....
, .#.##......... , , *
*#....#####


You could see McSplat's ghost.

Vanquished Creatures
  A crimson imp (D:3)
  4 adders (D:2)
  2 worms
  2 dart slugs
  A leopard gecko (D:3)
  4 orcs (D:3)
  6 bats
  2 gnoll zombies (D:3)
  7 goblins
  7 hobgoblins
  3 jackals (D:1)
  6 kobolds
  A ball python (D:2)
  3 frilled lizards (D:1)
  4 rats
53 creatures vanquished.

Vanquished Creatures (others)
  A rat (D:2)
1 creature vanquished.

Grand Total: 54 creatures vanquished

Notes
Turn   | Place    | Note
-------+----------+-------------------------------------------
     0 | D:1      | roflturtle the Deep Dwarf Berserker began the quest for the Orb.
     0 | D:1      | Reached XP level 1. HP: 20/20 MP: 1/1
   288 | D:1      | Reached XP level 2. HP: 25/28 MP: 2/2
   774 | D:1      | Reached skill level 4 in Axes
   874 | D:2      | Reached ** piety under Trog
   914 | D:2      | Reached XP level 3. HP: 8/34 MP: 3/3
  1136 | D:2      | Found a white marble altar of Elyvilon.
  1396 | D:2      | Reached XP level 4. HP: 23/42 MP: 4/4
  1400 | D:2      | Found a faded altar of an unknown god.
  1748 | D:3      | Reached skill level 5 in Axes
  2171 | D:3      | Found a basalt altar of Yredelemnul.
  2254 | D:3      | Found a burning altar of Makhleb.
  2271 | D:3      | Noticed McSplat's ghost (amateur MiFi)
  2308 | D:3      | HP: 2/42 [McSplat's ghost (16)]
  2320 | D:3      | Slain by McSplat's ghost

Vault maps used:
D:1:      minmay_arrival_widening_spiral_wide, serial_bayou_pond_d
D:2:      chequers_ecumenical_altar_simple, elyvilon_altar_4
D:3:      lemuel_zombie_altar_yredelemnul, serial_curves, eino_curves_03,
          eino_curves_04, bloody_makhleb

Skill      XL: |  1  2  3  4 |
---------------+-------------+-----
Fighting       | 3 |  3.0
Axes           | 4 5 |  5.6
Dodging        | 3 |  3.0
Armour         | |  2.1

Action                   |  1- 3 |  4- 6 || total
-------------------------+-------+-------++-------
Melee: Hand axe          |   122 |   129 ||   251
Invok: Trog's Hand       |     2 |     5 ||     7
       Berserk           |     1 |     5 ||     6
Evoke: Wand              |       |     5 ||     5
 Stab: Sleeping          |     1 |       ||     1
  Eat: Chunk             |     3 |     8 ||    11
Armor: Animal skin       |    20 |    19 ||    39
Dodge: Dodged            |    48 |    46 ||    94
Block: Shield            |    48 |    48 ||    96
